 Dungeon Crawl Stone Soup version 0.25-a0-290-g4a1327ee3a (webtiles) character file.

Game seed: 15081788031051016279, levelgen mode: deterministic

187 MisterFreud the Vandal (level 5, -4/34 HPs)
             Began as a Halfling Hunter on Dec 13, 2019.
             Slain by Blork the porcupine (8 damage)
             ... on level 4 of the Dungeon.
             The game lasted 00:06:35 (3239 turns).

MisterFreud the Vandal (Halfling Hunter)            Turns: 3239, Time: 00:06:35

Health: -4/34      AC:  4    Str: 14    XL:     5   Next: 99%
Magic:  5/5        EV: 14    Int:  9    God:
Gold:   183        SH:  2    Dex: 15    Spells: 4/4 levels left

rFire    . . .     SeeInvis .   b - +0 short sword
rCold    . . .     Gourm    .   (shield restricted)
rNeg     . . .     Faith    .   u - +0 leather armour
rPois    .         Spirit   .   w - +0 helmet
rElec    .         Reflect  +   (no cloak)
rCorr    .         Harm     .   (no gloves)
MR       .....                  (no boots)
Stlth    ++........             m - +2 amulet of reflection
HPRegen  0.11/turn              (no ring)
MPRegen  0.09/turn              (no ring)

@: no status effects
A: small, mutation resistance 1
a: no special abilities


You were on level 4 of the Dungeon.
You were not hungry.

You visited 1 branch of the dungeon, and saw 4 of its levels.

You collected 183 gold pieces.

Inventory:

Hand Weapons
 a - a +1 hunting sling
 b - a +0 short sword (weapon)
Missiles
 d - 17 sling bullets
 e - 114 stones (quivered)
Armour
 c - a +0 leather armour
 u - a +0 leather armour (worn)
 w - a +0 helmet (worn)
Jewellery
 m - a +2 amulet of reflection (around neck)
Scrolls
 h - 3 scrolls of remove curse
 i - a scroll of amnesia {unknown}
 j - a scroll of teleportation {unknown}
 l - 2 scrolls of magic mapping {unknown}
 r - a scroll of enchant armour {unknown}
 t - a scroll of blinking {unknown}
Potions
 g - a potion of mutation
 n - a potion of curing
 o - a potion of might
 p - a potion of invisibility {unknown}
 q - a potion of agility
 s - 3 potions of brilliance
 v - a potion of heal wounds {unknown}
Comestibles
 f - 9 rations
 k - 6 chunks of flesh


   Skills:
 - Level 1.7 Fighting
 + Level 4.3 Short Blades
 + Level 6.1 Slings
 - Level 2.1 Dodging
 + Level 4.2 Stealth


You had 4 spell levels left.
You didn't know any spells.
Your spell library was empty.

Dungeon Overview and Level Annotations

Branches:
Dungeon (4/15)
 Temple: D:4-7

Altars:

Annotations:
D:4 Blork the orc, Edmund


Innate Abilities, Weirdness & Mutations

You are small and have problems with some larger weapons.
You are somewhat resistant to further mutation.


Message History

Edmund says, "You wouldn't believe how much I paid for this flail."
Edmund zaps a wand.
You hear some strange, mumbled words.
A puff of frost appears from out of thin air!
The puff of frost hits you!
* * * LOW HITPOINT WARNING * * *
You hear some strange, mumbled words.
A puff of flame appears from out of thin air!
The puff of flame misses you.
Edmund zaps a wand.
Blork appears out of thin air!
Reactivating autopickup.
You see here a jackal skeleton.
You feel better. Blork bites you.
* * * LOW HITPOINT WARNING * * *
Blork barely misses you.
You see here a whip.
You see here a jackal skeleton.
Blork twitches its whiskers.
Blork bites you!
You die...

#÷#@.#...........####
#.#).#.###...........
#.÷..# #.........#.
#.#..# #...........#.
#@#..# #.##........#.
#.####.. #........#.
#.# # #........##
#.#########........#
#.)r@.....#........#
#########.#........#
#.#........# #.#
######.# #......#
#.###### #.# #.#


You could see Blork the porcupine.

Vanquished Creatures
  An orc priest (D:4)
  Jessica (D:2)
  A worker ant (D:2)
  3 adders
  2 oozes
  4 dart slugs
  3 leopard geckos (D:1)
  2 orcs (D:4)
  A giant cockroach (D:1)
  5 goblins
  3 hobgoblins
  6 jackals
  3 quokkas
  2 ball pythons (D:1)
  9 bats
  2 frilled lizards (D:2)
  5 kobolds
  A leopard gecko skeleton (D:4)
  8 rats
62 creatures vanquished.

Notes
Turn   | Place    | Note
-------+----------+-------------------------------------------
     0 | D:1      | MisterFreud the Halfling Hunter began the quest for the
                  | Orb.
     0 | D:1      | Reached XP level 1. HP: 14/14 MP: 1/1
   174 | D:1      | Reached skill level 1 in Short Blades
   193 | D:1      | Reached XP level 2. HP: 19/19 MP: 2/2
   385 | D:1      | Reached XP level 3. HP: 24/24 MP: 3/3
  1178 | D:2      | Noticed Jessica
  1186 | D:2      | Killed Jessica
  1186 | D:2      | Reached XP level 4. HP: 29/29 MP: 4/4
  1445 | D:2      | Reached XP level 5. HP: 29/34 MP: 5/5
  2624 | D:3      | Found a faded altar of an unknown god.
  2739 | D:4      | Reached skill level 6 in Slings
  2997 | D:4      | Noticed an ogre
  3199 | D:4      | Noticed Blork the orc
  3220 | D:4      | Noticed Edmund
  3230 | D:4      | Noticed Blork
  3239 | D:4      | Slain by Blork the porcupine

Levels and vault maps discovered:
D:1:      dpeg_arrival_tiny_c, layout_basic, minmay_tiny_reverse_x
D:2:      layout_loops_ring, minmay_pentomino_u2, uniq_jessica
D:3:      layout_basic, chequers_ecumenical_altar_simple_redux, first_ration
D:4:      minmay_general_purpose_star, layout_basic, uniq_blork_the_orc,
          uniq_edmund

Skill      XL: |  1  2  3  4  5 |
---------------+----------------+-----
Short Blades   | 1 3 4 |  4.3
Stealth        | 2 3 4 |  4.2
Slings         | 6 |  6.1
Fighting       | |  1.7
Dodging        | |  2.1

Action                   |  1- 3 |  4- 6 || total
-------------------------+-------+-------++-------
Melee: Short sword       |    34 |    80 ||   114
 Fire: Hunting sling     |    67 |    47 ||   114
  Use: Scroll            |       |     4 ||     4
       Potion            |       |     3 ||     3
 Stab: Sleeping          |       |     3 ||     3
  Eat: Chunk             |     1 |     6 ||     7
Armor: Leather armour    |     9 |    12 ||    21
Dodge: Dodged            |    42 |    62 ||   104
Block: Other             |       |     5 ||     5

Table legend:
 A = Non-vault XP
 B = Vault XP
 C = Vault XP percentage of total XP
 D = Non-vault monster count
 E = Vault monster count
 F = Vault count percentage of total count
                 A         B        C        D         E       F
            +---------+---------+-------+---------+---------+-------
      Total |     225 |      43 |  16.0 |      58 |       4 |   6.5
            +---------+---------+-------+---------+---------+-------
        D:1 |      40 |       5 |  11.1 |      23 |       2 |   8.0
        D:2 |      65 |      38 |  36.9 |      15 |       2 |  11.8
        D:3 |      43 |       0 |   0.0 |      11 |       0 |   0.0
        D:4 |      77 |       0 |   0.0 |       9 |       0 |   0.0
            +---------+---------+-------+---------+---------+-------
